 Dungeon Crawl Stone Soup version 0.28-a0-691-gad6df49e81 (webtiles) character file.

Game seed: 16195776741037864569

23 cheechan the Shooter (level 2, -3/19 HPs)
             Began as an Octopode Hunter on Oct 21, 2021.
             Slain by a worm (11 damage)
             ... on level 2 of the Dungeon.
             The game lasted 00:03:44 (1130 turns).

cheechan the Shooter (Octopode Hunter)              Turns: 1130, Time: 00:03:44

Health: -3/19      AC:  1    Str: 11    XL:     2   Next: 95%
Magic:  11/11      EV: 13    Int: 13    God:
Gold:   48         SH:  0    Dex: 12    Spells: 1/1 levels left

rFire   . . .      SeeInvis .   a - +1 shortbow
rCold   . . .      Faith    .   (shield currently unavailable)
rNeg    . . .      Spirit   .   (helmet restricted)
rPois   .          Reflect  .   (no amulet)
rElec   .          Harm     .   d - ring of magical power
rCorr   .          Rampage  .   (no ring)
Will    .....                   (no ring)
Stlth   +++.......              (no ring)
HPRegen 0.06/turn               (no ring)
MPRegen 0.12/turn               (no ring)
                                (no ring)
                                (no ring)

@: no status effects
A: almost no armour, amphibious, 8 rings, camouflage 1, gelatinous body 1,
(nimble swimmer 1), tentacles
a: no special abilities


You were on level 2 of the Dungeon.
You visited 1 branch of the dungeon, and saw 2 of its levels.

You collected 48 gold pieces.

Inventory:

Hand Weapons
 a - a +1 shortbow (weapon)
 b - a +0 short sword
Missiles
 c - 15 arrows (quivered ammo)
 g - 21 bolts
 h - 9 poisoned darts
Jewellery
 d - a ring of magical power (left tentacle)
Potions
 e - 3 potions of haste {unknown}
 f - a potion of heal wounds {unknown}


   Skills:
 + Level 2.0 Fighting
 + Level 4.6 Bows
 + Level 2.1 Dodging
 * Level 2.0 Stealth


You had one spell level left.
You didn't know any spells.
Your spell library was empty.

Dungeon Overview and Level Annotations

Branches:
Dungeon (2/15)

Altars:


Innate Abilities, Weirdness & Mutations

You cannot wear most types of armour.
You are amphibious.
You can wear up to eight rings at the same time.
Your skin changes colour to match your surroundings (Stealth+).
Your rubbery body absorbs attacks. (AC +1, EV +1)
((You are camouflaged near water. (Stealth+)))
You have tentacles for arms and can constrict up to eight enemies at once.


Message History

A rat comes into view.
Found a smoky ruby potion.
There is a large open door here.
Fire: 17 arrows
Press: ? - help, Q - select action, (/) - cycle Shift-Dir - straight line, f - rat
Aim: a rat (62% to hit)
You shoot an arrow. The arrow barely misses the rat.
Unknown command.
Fire: 16 arrows
Press: ? - help, Q - select action, (/) - cycle Shift-Dir - straight line, f/p - rat
Aim: a rat (62% to hit)
You shoot an arrow. The arrow hits the rat!
You kill the rat!
Your hearing returns.
c - 16 arrows (gained 1)
c - 17 arrows (gained 1)
e - 3 smoky ruby potions (gained 1)
You open the large door. You open the large door. You open the large door.
There is a large open door here.
A worm comes into view.
The worm bites you!
Ouch! That really hurt!
Really attack while wielding your +1 shortbow? [Y]es or [N]o only, please.
Really attack while wielding your +1 shortbow?
Okay, then.
Fire: 17 arrows
Press: ? - help, Q - select action, (/) - cycle Shift-Dir - straight line, f - worm
Aim: a worm (79% to hit)
You shoot an arrow. The arrow hits the worm!
The worm is heavily wounded.
Fire: 16 arrows
Press: ? - help, Q - select action, (/) - cycle Shift-Dir - straight line, f/p - worm
Aim: a worm (heavily wounded, 79% to hit)
You shoot an arrow. The arrow completely misses the worm.
The worm bites you!
Ouch! That really hurt!
You die...

##......##.# .
#.......##.#
#..#######.#
####''#### #.#
#≈≈≈..≈≈≈# #.#
#≈≈≈..≈≈≈#
#≈≈##.#≈≈###
'..#.8...'.#######
'...8.#..'......@#
#≈≈#.##≈≈#######w#
#≈≈≈..≈≈≈# ....
#≈≈≈..≈≈≈# ##.###
####''#### #.#
#..# #.. #.## #.#
..# #(# ####


You could see a worm.

Vanquished Creatures
  2 dart slugs (D:1)
  An endoplasm (D:1)
  2 goblins (D:1)
  3 hobgoblins (D:1)
  3 jackals (D:1)
  2 frilled lizards (D:1)
  2 kobolds (D:1)
  2 rats
  A spectral hobgoblin (D:1)
18 creatures vanquished.

Notes
Turn   | Place    | Note
-------+----------+-------------------------------------------
     0 | D:1      | cheechan the Octopode Hunter began the quest for the Orb.
     0 | D:1      | Reached XP level 1. HP: 14/14 MP: 1/1
   267 | D:1      | Reached XP level 2. HP: 19/19 MP: 2/2
   272 | D:1      | Found a faded altar of an unknown god.
  1130 | D:2      | Slain by a worm

Illustrated notes

Levels and vault maps discovered:
D:1:      amcnicky_arrival_feature_with_door, layout_loops_cross,
          dreamdust_ecumenical_altar_drowned_temple
D:2:      layout_basic, kennysheep_generic_room_4

Skill      XL: |  1  2 |
---------------+-------+-----
Stealth        | 2 |  2.0
Fighting       | |  2.0
Bows           | |  4.6
Dodging        | |  2.1

Action                   || total
-------------------------++-------
 Fire: Shortbow          ||    36
  Use: Scroll            ||     3
Armor: Skin              ||     1
Dodge: Dodged            ||     9

Table legend: (Time is in decaauts)
 A = Elapsed time spent in this place.
 B = Non-inter-level travel time spent in this place.
 C = Inter-level travel time spent in this place.
 D = Time resting spent in this place.
 E = Time spent auto-exploring this place.
 F = Levels seen in this place.
 G = Mean time per level.
                   A        B        C        D        E       F      G
               +--------+--------+--------+--------+--------+-----+--------+
         Total |   1132 |   1132 |      0 |    214 |      0 |   2 |  566.0 |
       Dungeon |   1132 |   1132 |      0 |    214 |      0 |   2 |  566.0 |
               +--------+--------+--------+--------+--------+-----+--------+

Top non-repeatable levels by time:
     D:1: 1060 daAuts
     D:2: 71 daAuts
